 Dungeon Crawl Stone Soup version 0.21.1-1-g345015f (webtiles) character file.

178572 Mesmaeker13 the Warrior (level 18, -2/124 HPs)
             Began as a Gargoyle Monk on June 13, 2018.
             Was the Champion of the Shining One.
             Blown up by an orb spider (43 damage)
             ... with an orb of destruction
             ... on level 3 of the Spider Nest.
             The game lasted 00:57:47 (30714 turns).

Mesmaeker13 the Warrior (Gargoyle Monk)            Turns: 30714, Time: 00:57:47

Health: -2/124     AC: 38    Str: 28    XL:     18   Next: 20%
Magic:  25/25      EV: 11    Int: 13    God:    the Shining One [******]
Gold:   2205       SH: 11    Dex: 16    Spells: 17/17 levels left

rFire    . . .     SeeInvis .   K - +2 eveningstar (flame)
rCold    + . .     Gourm    .   h - +5 buckler of Insatiable Hunger {Str+4 Dex+2}
rNeg     + + +     Faith    .   k - +0 plate armour {rC+}
rPois    ∞         Spirit   .   l - +0 hat
rElec    +         Reflect  .   o - +0 cloak
rCorr    .         Harm     .   p - +1 pair of gloves
MR       +....                  (no boots)
Stlth    ..........             (no amulet)
HPRegen  0.30/turn              z - +5 ring of strength
MPRegen  0.19/turn              q - +3 ring of protection

@: glowing
A: big wings, negative energy resistance 1, electricity resistance, unbreathing,
petrification resistance, rot immunity, AC +13
a: Fly, Divine Shield, Cleansing Flame, Summon Divine Warrior, Brand Weapon With
Holy Wrath, Renounce Religion


You were on level 3 of the Spider Nest.
You worshipped the Shining One.
The Shining One was exalted by your worship.
You were not hungry.

You visited 4 branches of the dungeon, and saw 26 of its levels.
You also visited: Sewer and Volcano.

You collected 2766 gold pieces.
You spent 561 gold pieces at shops.

Inventory:

Hand Weapons
 j - a +4 flail of freezing
 s - a +2 war axe of chopping
 x - a +2 flail of holy wrath
 K - a +2 eveningstar of flaming (weapon)
Missiles
 d - 51 tomahawks (quivered)
Armour
 h - the +5 buckler of Insatiable Hunger (worn) {Str+4 Dex+2}
   (You found it on level 5 of the Dungeon)

   It affects your strength (+4).
   It affects your dexterity (+2).
 k - a +0 plate armour of cold resistance (worn)
 l - a +0 hat (worn)
 o - a +0 cloak (worn)
 p - a +1 pair of gloves (worn)
 r - a +1 chain mail of fire resistance
 B - a +0 shield
 N - the +0 large shield of Makhleb's Benevolence {rElec rPois rF- MR+}
   (You took it off Louise on level 1 of the Spider Nest)

   It makes you vulnerable to fire.
   It insulates you from electricity.
   It protects you from poison.
   It affects your resistance to hostile enchantments.
Jewellery
 q - a +3 ring of protection (right hand)
 z - a +5 ring of strength (left hand)
 E - an uncursed amulet of faith
 Q - an uncursed amulet of regeneration {unknown}
Wands
 y - a wand of paralysis (22)
 H - a wand of digging (18)
 L - a wand of scattershot (2)
 M - a wand of enslavement (10)
 O - a wand of polymorph (6)
 R - a wand of acid (9)
Scrolls
 b - 2 scrolls of magic mapping
 e - a scroll of silence
 f - 2 scrolls of enchant weapon
 i - 9 scrolls of teleportation
 t - a scroll of amnesia
 u - 3 scrolls of blinking
 C - a scroll of fear
 F - 3 scrolls of summoning
 J - 6 scrolls of fog
 S - a scroll of brand weapon
 U - 6 scrolls of remove curse
Potions
 a - 5 potions of might
 m - 6 potions of heal wounds
 n - 8 potions of curing
 v - 5 potions of resistance
 A - a potion of agility
 D - a potion of haste
 G - 2 potions of berserk rage
 I - 2 potions of ambrosia
Books
 g - a book of Party Tricks

   Spells                             Type                      Level
   a - Summon Butterflies             Summoning                    1
   b - Apportation                    Translocation                1
   c - Lesser Beckoning               Translocation                3
   d - Tukima's Dance                 Hexes                        3
   e - Alistair's Intoxication        Transmutation/Poison         5
   f - Invisibility                   Hexes                        6
 w - a book of Debilitation

   Spells                             Type                      Level
   a - Corona                         Hexes                        1
   b - Slow                           Hexes                        2
   c - Inner Flame                    Hexes/Fire                   3
   d - Portal Projectile              Hexes/Translocation          3
   e - Cause Fear                     Hexes                        4
   f - Leda's Liquefaction            Hexes/Earth                  4
 P - a book of Dreams

   Spells                             Type                      Level
   a - Ensorcelled Hibernation        Hexes/Ice                    2
   b - Borgnjor's Vile Clutch         Necromancy/Earth             5
   c - Silence                        Hexes/Air                    5
   d - Darkness                       Hexes                        6
   e - Shadow Creatures               Summoning                    6
Comestibles
 c - 26 rations


   Skills:
 + Level 17.5 Fighting
 + Level 16.1 Maces & Flails
 + Level 16.7 Armour
 - Level 4.0 Dodging
 - Level 2.1 Stealth
 - Level 9.0 Shields
 + Level 10.4 Invocations


You had 17 spell levels left.
You didn't know any spells.

Dungeon Overview and Level Annotations

Branches:
Dungeon (15/15)            Temple (0/1) D:7            Lair (6/6) D:8
  Swamp (0/4) Lair:4       Spider (3/4) Lair:2        Slime (0/5) Lair:6
    Orc (2/2) D:9             Elf (0/3) Orc:2        Vaults (0/5) D:13
 Depths (0/5) D:15

Altars:
Ashenzari
Cheibriados
Dithmenos
Elyvilon
Gozag
Kikubaaqudgha
Makhleb
Nemelex Xobeh
Ru
Trog
Uskayaw
Wu Jian
The Shining One
Beogh

Shops:
D:9 %(   Orc:2 *[%!

Annotations:
Lair:4 exclusion: oklob plant


Innate Abilities, Weirdness & Mutations

You are resistant to torment.
Your stone body is resilient. (AC +13)
You are immune to poison.
Your large and strong wings let you fly indefinitely.
You resist negative energy. (rN+)
You are resistant to electric shocks. (rElec)
You can survive without breathing.
You are immune to petrification.
You are immune to rotting.


Message History

You closely miss the orb spider.
The orb spider pulsates with a strange energy.
The orb spider weaves a glowing orb of energy.
An orb of destruction comes into view.
The orb of destruction hits a rock wall.
The orb spider pulsates with a strange energy.
You sock the orb spider! You burn the orb spider.
The orb spider is moderately wounded.
You crush the orb spider like a grape!!!
You burn the orb spider.
The orb spider is almost dead.
The orb spider weaves a glowing orb of energy.
The wavering orb of destruction weakly hits you!
The orb spider weaves a glowing orb of energy.
An orb of destruction comes into view.
You spit the orb spider like a pig!!! You burn the orb spider.
You kill the orb spider!
The orb spider spins a strand of pure energy.
The orb of destruction hits you!
You die...

... .^. .........#. . ..
#.. #......#.. ..... #.#
#..#..#.. .....##.##
#####.....^..
....#....####.##....###.#
...#.#s...^#..........#†#
....#.§.....###.........#
......§§...## ##........#
...##.†.@..# #........# .
##..#.## ##......). ..
#.....# ####.).†. ...
..#.....# ##......
....(.......## ###.###..#
........##^..# ##^^####.##
!.....#####..####.###^..#.
......†.^...##...#.........
#.#########.####.........##


You could see an orb spider.

Vanquished Creatures
  Gastronok (Lair:3)
  Agnes (Spider:1)
  An emperor scorpion (Spider:1)
  Louise (Spider:1)
  A ghost moth (Spider:2)
  An orc warlord (D:9)
  An entropy weaver (Spider:1)
  Josephine (Orc:1)
  A yaktaur captain (D:15)
  6 hydras
  3 catoblepae (Lair:6)
  16 two-headed ogres
  7 centaur warriors
  2 dancing weapons (D:13)
  A vampire mage (D:14)
  7 death yaks (Lair:6)
  6 orc high priests
  5 ogre magi
  A hell knight (Volcano)
  9 skeletal warriors
  A swamp dragon (shapeshifter) (D:14)
  2 wizards (D:14)
  10 orc knights
  15 wolf spiders
  9 orb spiders
  3 deep elf magi (D:14)
  An orc sorcerer (D:9)
  7 manticores
  10 ugly things
  4 cyclopes
  3 moths of wrath
  5 elephants
  5 black mambas
  An ice statue (D:8)
  4 gargoyles
  3 centaur skeletons
  A torpor snail (Lair:6)
  8 spiny frogs
  2 rime drakes (Lair:6)
  6 ice devils (D:8)
  A kobold demonologist (D:13)
  6 komodo dragons
  9 demonic crawlers
  26 jumping spiders
  7 trolls
  Grinder (D:6)
  4 blink frogs (Lair:5)
  2 meliai zombies
  6 hippogriffs
  13 slime creatures
  Sigmund (D:2)
  9 tarantellas
  3 wyverns
  37 redbacks
  5 fire bats (Volcano)
  A water elemental (D:15)
  5 wraiths
  A hungry ghost (D:10)
  A steam dragon (D:11)
  A basilisk (D:13)
  55 yaks
  4 vampire mosquitoes (D:13)
  A warg (Orc:1)
  An acid dragon (D:9)
  11 water moccasins
  Edmund (D:6)
  5 porcupines
  3 ice beasts
  A meliai simulacrum (D:14)
  46 orc warriors
  A black bear (Lair:5)
  3 sky beasts
  2 phantoms
  9 wolves
  11 ogres
  21 centaurs
  7 crocodiles
  4 big kobolds
  16 bullfrogs
  A gnoll sergeant (D:8)
  2 wyvern zombies
  3 scorpions
  A wyvern skeleton (D:15)
  4 killer bees (D:7)
  8 wights
  6 howler monkeys
  5 electric eels
  7 lava snakes (Volcano)
  5 crimson imps
  5 centaur zombies
  A bullfrog zombie (D:12)
  3 hounds
  40 orc priests
  Crazy Yiuf (D:2)
  16 jellies
  26 orc wizards
  3 bullfrog skeletons
  5 iguanas
  5 worker ants
  2 killer bee zombies
  A bullfrog simulacrum (D:12)
  A hound zombie (D:9)
  A hound skeleton (D:9)
  2 worker ant zombies
  8 gnolls (D:8)
  A river rat (Sewer)
  14 adders
  2 shadow imps
  6 ufetubi (D:8)
  3 oozes (D:2)
  2 adder skeletons (D:4)
  2 worms
  A dart slug (D:1)
  3 leopard geckos
  97 orcs
  3 ball pythons
  10 giant cockroaches
  9 goblins
  7 hobgoblins
  2 jackals (Sewer)
  6 quokkas
  5 bats
  5 frilled lizards
  23 kobolds
  2 quokka skeletons
  A quokka zombie (D:8)
  6 rats
  A bush (D:8)
886 creatures vanquished.

Vanquished Creatures (collateral kills)
  2 orcs (Orc:1)
2 creatures vanquished.

Vanquished Creatures (others)
  An unseen horror (D:13)
  A fungus (Lair:5)
  15 plants
17 creatures vanquished.

Grand Total: 905 creatures vanquished

Notes
Turn   | Place    | Note
-------+----------+-------------------------------------------
     0 | D:1      | Mesmaeker13 the Gargoyle Monk began the quest for the Orb.
     0 | D:1      | Reached XP level 1. HP: 14/14 MP: 1/1
   243 | D:1      | Reached XP level 2. HP: 19/19 MP: 2/2
   877 | D:1      | Reached XP level 3. HP: 15/24 MP: 3/3
  1115 | D:2      | Noticed Sigmund
  1489 | D:2      | Reached skill level 4 in Fighting
  1492 | D:2      | Reached XP level 4. HP: 21/29 MP: 4/4
  1725 | D:3      | Noticed Grinder
  2016 | D:2      | Found a runed door.
  2240 | D:2      | Killed Sigmund
  2240 | D:2      | Reached skill level 5 in Fighting
  2240 | D:2      | Reached XP level 5. HP: 20/35 MP: 5/5
  2240 | D:2      | Reached XP level 6. HP: 23/40 MP: 6/6
  2486 | D:2      | Noticed Crazy Yiuf
  2499 | D:2      | Killed Crazy Yiuf
  2689 | D:3      | Found a shadowy altar of Dithmenos.
  3095 | D:4      | Found an ornate altar of the Wu Jian Council.
  3477 | D:4      | Reached skill level 5 in Maces & Flails
  3477 | D:4      | Reached skill level 1 in Armour
  3523 | D:4      | Reached XP level 7. HP: 40/44 MP: 7/7
  4028 | D:5      | Entered Level 5 of the Dungeon
  4350 | D:5      | Got a faintly humming buckler
  4363 | D:5      | Identified the +5 buckler of Insatiable Hunger {Str+4 Dex+2} (You found it on level 5 of the Dungeon)
  4388 | D:5      | Reached skill level 1 in Shields
  4504 | D:5      | Reached skill level 6 in Fighting
  4825 | D:6      | Killed Grinder
  4825 | D:6      | Reached XP level 8. HP: 30/52 MP: 8/8
  5128 | D:6      | Noticed Edmund
  5159 | D:6      | Killed Edmund
  5159 | D:6      | Reached skill level 7 in Fighting
  5200 | D:6      | Found a glowing drain.
  5204 | Sewer    | Entered a sewer
  5314 | Sewer    | Found a glowing silver altar of Zin.
  5628 | D:6      | Reached XP level 9. HP: 37/57 MP: 9/9
  5903 | D:6      | Reached skill level 5 in Armour
  6295 | D:7      | Found a staircase to the Ecumenical Temple.
  6555 | D:7      | Reached skill level 5 in Shields
  6572 | D:7      | Found a snail-covered altar of Cheibriados.
  6713 | D:7      | Reached skill level 8 in Fighting
  7142 | D:8      | Noticed a two-headed ogre
  7186 | D:8      | Killed a two-headed ogre
  7186 | D:8      | Reached XP level 10. HP: 23/65 MP: 10/10
  7504 | D:8      | Noticed an ice statue
  7632 | D:8      | Found a staircase to the Lair.
  7652 | D:8      | Found a bloodstained altar of Trog.
  7805 | D:8      | Reached skill level 9 in Fighting
  7945 | D:8      | Found an opulent altar of Gozag.
  7945 | D:8      | Found a glowing golden altar of the Shining One.
  7952 | D:8      | Found a shattered altar of Ashenzari.
  7996 | D:8      | Became a worshipper of the Shining One
  7996 | D:8      | Reached * piety under the Shining One
  7996 | D:8      | Reached ** piety under the Shining One
  8458 | D:9      | Noticed a two-headed ogre
  8480 | D:9      | Killed a two-headed ogre
  8547 | D:9      | Found a staircase to the Orcish Mines.
  8555 | D:9      | Found Ohilufeb's Food Shoppe.
  8578 | D:9      | Noticed a two-headed ogre
  8599 | D:9      | Killed a two-headed ogre
  8599 | D:9      | Reached skill level 10 in Fighting
  8737 | D:9      | Reached XP level 11. HP: 62/72 MP: 11/11
  8756 | D:9      | Noticed a five-headed hydra
  8787 | D:9      | Killed a five-headed hydra
  9023 | D:9      | Found a white marble altar of Elyvilon.
  9026 | D:9      | Found an ancient bone altar of Kikubaaqudgha.
  9066 | D:9      | Reached *** piety under the Shining One
  9206 | D:9      | Found Ulilaami's Weapon Shop.
  9512 | D:9      | Found a sparkling altar of Nemelex Xobeh.
  9606 | D:10     | Entered Level 10 of the Dungeon
 10069 | D:10     | Reached skill level 10 in Maces & Flails
 10344 | D:10     | Reached skill level 11 in Fighting
 10527 | Lair:1   | Entered Level 1 of the Lair of Beasts
 10905 | Lair:1   | Reached **** piety under the Shining One
 10917 | Lair:1   | Reached skill level 10 in Armour
 11385 | Lair:1   | Reached XP level 12. HP: 80/80 MP: 12/12
 12360 | Lair:2   | Found a hole to the Spider Nest.
 12410 | Lair:2   | Reached skill level 12 in Fighting
 13632 | Lair:3   | Found a dark tunnel.
 13651 | Volcano  | Entered a volcano
 13832 | Volcano  | Noticed a centaur warrior
 13847 | Volcano  | Killed a centaur warrior
 14050 | Volcano  | Found a burning altar of Makhleb.
 14074 | Volcano  | Found a bloodstained altar of Trog.
 14188 | Lair:3   | Noticed a four-headed hydra
 14190 | Lair:3   | Noticed a five-headed hydra
 14201 | Lair:3   | Killed a four-headed hydra
 14208 | Lair:3   | Killed a five-headed hydra
 14208 | Lair:3   | Reached skill level 13 in Fighting
 14208 | Lair:3   | Reached XP level 13. HP: 58/88 MP: 13/13
 14450 | Lair:3   | Noticed Gastronok
 14480 | Lair:3   | Killed Gastronok
 15256 | Lair:4   | Found a hide-covered altar of Uskayaw.
 15627 | Lair:4   | Found a staircase to the Swamp.
 17007 | Lair:6   | Entered Level 6 of the Lair of Beasts
 17067 | Lair:6   | Found a staircase to the Slime Pits.
 17268 | Lair:6   | Reached skill level 14 in Fighting
 17680 | Lair:6   | Reached ***** piety under the Shining One
 17689 | Lair:6   | Gained mutation: Your large and strong wings let you fly indefinitely. [Gargoyle growth]
 17689 | Lair:6   | Reached XP level 14. HP: 54/96 MP: 14/14
 19153 | Orc:1    | Entered Level 1 of the Orcish Mines
 19162 | Orc:1    | Noticed Josephine
 19868 | Orc:1    | Killed Josephine
 20072 | Orc:1    | Found a roughly hewn altar of Beogh.
 20194 | Orc:1    | Noticed an orc warlord
 20194 | Orc:1    | Found a burning altar of Makhleb.
 20246 | D:9      | Killed an orc warlord
 20306 | Orc:1    | Reached skill level 1 in Invocations
 20729 | Orc:2    | Entered Level 2 of the Orcish Mines
 20729 | Orc:2    | Found a staircase to the Elven Halls.
 21482 | Orc:2    | Reached skill level 15 in Fighting
 21839 | Orc:2    | Reached ****** piety under the Shining One
 22539 | Orc:2    | Reached XP level 15. HP: 76/103 MP: 17/17
 22786 | Orc:2    | Found Vuanun's General Store.
 22787 | Orc:2    | Found Vyesh's Food Shop.
 22787 | Orc:2    | Found Wifao's Antique Armour Boutique.
 22788 | Orc:2    | Found Unneyps's Distillery.
 22798 | Orc:2    | Bought a scroll of teleportation for 48 gold pieces
 22799 | Orc:2    | Bought a pair of glowing gloves for 225 gold pieces
 22802 | Orc:2    | Bought 2 potions of might for 128 gold pieces
 22802 | Orc:2    | Bought a potion of heal wounds for 80 gold pieces
 22802 | Orc:2    | Bought a potion of berserk rage for 80 gold pieces
 24207 | D:12     | Reached skill level 5 in Invocations
 24893 | D:13     | Found a gate to the Vaults.
 25616 | D:14     | Reached skill level 15 in Armour
 25681 | D:14     | Found a sacrificial altar of Ru.
 26566 | D:14     | Found the +12 glaive of Prune {chop}
 26645 | D:15     | Entered Level 15 of the Dungeon
 26669 | D:14     | Reached skill level 16 in Fighting
 27243 | D:15     | Reached XP level 16. HP: 110/110 MP: 21/21
 27295 | D:15     | Reached skill level 15 in Maces & Flails
 27922 | D:15     | Found a staircase to the Depths.
 28348 | Spider:1 | Entered Level 1 of the Spider Nest
 28393 | Spider:1 | Noticed Louise
 28602 | Spider:1 | Killed Louise
 28613 | Spider:1 | Got a faintly glowing large shield
 28640 | Spider:1 | Identified the +0 large shield of Makhleb's Benevolence {rElec rPois rF- MR+} (You took it off Louise on level 1 of the Spider Nest)
 29126 | Spider:1 | Noticed Agnes
 29142 | Spider:1 | Killed Agnes
 29789 | Spider:1 | Reached skill level 17 in Fighting
 29837 | Spider:2 | Reached XP level 17. HP: 111/117 MP: 24/24
 30231 | Spider:2 | Reached skill level 10 in Invocations
 30231 | Spider:2 | Reached XP level 18. HP: 120/124 MP: 25/25
 30714 | Spider:3 | Blown up by an orb spider

Skill      XL: |  1  2  3  4  5  6  7  8  9 10 11 12 13 14 15 16 17 |
---------------+----------------------------------------------------+-----
Fighting       | 4 5 6 7 8 10 11 13 14 15 16 17 | 17.5
Dodging        | 3 4 |  4.0
Maces & Flails | 4 5 6 8 9 10 12 13 14 15 16 | 16.1
Armour         | 1 3 4 6 8 10 12 13 14 15 16 | 16.7
Shields        | 2 4 6 7 9 |  9.0
Invocations    | 3 7 9 10 | 10.4
Stealth        | |  2.1

Action                   |  1- 3 |  4- 6 |  7- 9 | 10-12 | 13-15 | 16-18 || total
-------------------------+-------+-------+-------+-------+-------+-------++-------
Melee: Mace              |   111 |    75 |    30 |       |       |       ||   216
       Short sword       |       |    12 |       |       |       |       ||    12
       Quarterstaff      |       |    44 |       |       |       |       ||    44
       Flail             |       |       |   362 |   718 |       |       ||  1080
       Eveningstar       |       |       |       |    11 |  1300 |   525 ||  1836
 Fire: Blowgun           |       |     5 |       |     2 |       |       ||     7
Throw: Throwing net      |       |       |     2 |     1 |     2 |       ||     5
       Tomahawk          |       |       |       |     3 |       |     4 ||     7
Invok: Divine Shield     |       |       |       |     3 |     4 |     2 ||     9
       Cleansing Flame   |       |       |       |       |       |     3 ||     3
 Abil: Fly               |       |       |       |       |     1 |       ||     1
       Stop Flying       |       |       |       |       |     1 |       ||     1
Evoke: Wand              |       |       |       |     3 |     8 |     1 ||    12
  Use: Scroll            |     1 |     4 |     7 |    10 |    12 |     5 ||    39
       Potion            |       |       |     1 |       |     1 |     3 ||     5
 Stab: Sleeping          |     1 |       |       |       |       |       ||     1
  Eat: Chunk             |     2 |     7 |    12 |    17 |    40 |     3 ||    81
       Ration            |       |       |       |     2 |     1 |     3 ||     6
Armor: Ring mail         |    66 |    58 |     7 |       |       |       ||   131
       Plate armour      |       |       |   138 |   399 |   244 |   401 ||  1182
       Chain mail        |       |       |     9 |    22 |   328 |       ||   359
Dodge: Dodged            |    75 |    75 |   100 |   233 |   415 |   258 ||  1156
Block: Buckler           |       |       |   171 |   414 |   710 |   394 ||  1689
